[Event "Titled Tuesday Blitz February 14 Early 2023"]
[White "Stoleriu, George"]
[Black "Galchenko, Matvey"]
[WhiteFideId "1227505"]
[BlackFideId "24175480"]
[WhiteElo "2390"]
[BlackElo "2438"]
[Result "0-1"]
[Round "10"]
[TimeControl "180+2"]
[Date "2023.02.14"]
[WhiteClock "0:00:05"]
[BlackClock "0:00:48"]

1. e4 e6 2. d4 d5 3. Nc3 Bb4 4. exd5 exd5 5. Bd3 Nc6 6. a3 Ba5 7. b4 Bb6 8. Nge2 Nf6 9. O-O O-O 10. Na4 h6 11. c3 Re8 12. Bf4 Ne4 13. f3 Nd6 14. Qc2 Qf6 15. b5 Na5 16. Nxb6 axb6 17. Be5 Qd8 18. Nf4 Ndc4 19. Rfe1 Nxe5 20. dxe5 c6 21. Rad1 Qg5 22. Ne2 Qxe5 23. Nd4 Qxe1+ 24. Rxe1 Rxe1+ 25. Kf2 Re8 26. g4 Bd7 27. bxc6 bxc6 28. h4 Nc4 29. g5 Ne3 30. Qb1 c5 31. Nc2 Nxc2 32. Bxc2 hxg5 33. hxg5 Rxa3 34. Qe1 Rxe1 0-1


[Site "https://www.chess.com"]

[Event "Titled Tuesday Blitz February 14 Early 2023"]
[White "Klabis, Rokas"]
[Black "Orozbaev, Eldiar"]
[WhiteFideId "12805246"]
[BlackFideId "13802240"]
[WhiteElo "2415"]
[BlackElo "2235"]
[Result "0-1"]
[Round "10"]
[TimeControl "180+2"]
[Date "2023.02.14"]
[WhiteClock "0:02:27"]
[BlackClock "0:02:46"]

1. e4 e6 2. d3 d5 3. Nd2 Nc6 4. Ngf3 Nf6 5. c3 dxe4 6. dxe4 e5 7. Bc4 Bc5 8. O-O O-O 9. Qe2 a5 10. Rd1 Qe7 11. Nf1 h6 12. Ng3 Be6 13. a4 Rad8 14. Bxe6 Qxe6 15. Be3 Bxe3 16. fxe3 Qb3 17. Qb5 Rxd1+ 18. Kf2 Qxb5 0-1


[Site "https://www.chess.com"]

[Event "Titled Tuesday Blitz February 14 Early 2023"]
[White "Liyanage, Ranindu Dilshan"]
[Black "Rustemov, Alexander"]
[WhiteFideId "9915834"]
[BlackFideId "4119002"]
[WhiteElo "2342"]
[BlackElo "2525"]
[Result "0-1"]
[Round "10"]
[TimeControl "180+2"]
[Date "2023.02.14"]
[WhiteClock "0:00:04"]
[BlackClock "0:00:09"]

1. e4 e6 2. d4 d5 3. Nc3 dxe4 4. Nxe4 Bd7 5. Nf3 Bc6 6. Bd3 Nd7 7. O-O Ngf6 8. Ng3 Be7 9. Re1 O-O 10. Qe2 Bxf3 11. Qxf3 c6 12. c3 Re8 13. Bf4 Nd5 14. Bd2 Bg5 15. Qh5 h6 16. Bxg5 Qxg5 17. Qxg5 hxg5 18. Ne4 g4 19. c4 N5f6 20. Nd6 Reb8 21. Rad1 b6 22. Be2 Rd8 23. f3 Nf8 24. c5 Rab8 25. b3 Ng6 26. fxg4 Ne7 27. Rf1 Rf8 28. Rde1 Rbd8 29. g5 Ne8 30. Nxe8 Rfxe8 31. Rd1 Rd7 32. Bf3 Red8 33. cxb6 axb6 34. Rc1 Rd6 35. Be4 g6 36. g3 Rxd4 37. Bxc6 Rd2 38. a4 Rb2 39. Be4 Rdd2 40. Rc7 Nf5 41. g4 Ne3 42. Re1 Nxg4 43. Rec1 Nxh2 44. Rb7 Ng4 45. Rxb6 Rd4 46. Bb7 Ne3 47. a5 Rg4+ 48. Kh1 Ra2 49. a6 Rh4+ 50. Kg1 Rg4+ 51. Kh1 Rxg5 52. Re1 Nf5 53. Rg1 Rh5# 0-1


[Site "https://www.chess.com"]

[Event "Titled Tuesday Blitz February 14 Early 2023"]
[White "Vasquez Schroeder, Rodrigo"]
[Black "Boyer, Mahel"]
[WhiteFideId "3400042"]
[BlackFideId "45102422"]
[WhiteElo "2524"]
[BlackElo "2489"]
[Result "1-0"]
[Round "10"]
[TimeControl "180+2"]
[Date "2023.02.14"]
[WhiteClock "0:01:19"]
[BlackClock "0:00:48"]

1. d4 d6 2. Nf3 Nc6 3. d5 Nb8 4. c4 g6 5. e4 Bg7 6. h3 Nf6 7. Nc3 O-O 8. Bd3 Na6 9. O-O Nc5 10. Bc2 a5 11. Be3 e6 12. e5 Ne8 13. exd6 cxd6 14. dxe6 Bxe6 15. Qe2 a4 16. Bd4 Nf6 17. Rfd1 Re8 18. Bxc5 Bxh3 19. Qd2 dxc5 20. Qxd8 Rexd8 21. Rxd8+ Rxd8 22. gxh3 a3 23. Rd1 Rxd1+ 24. Nxd1 axb2 25. Nxb2 Nh5 26. Nd3 b6 27. Bd1 Bc3 28. Nfe5 Nf6 29. Bf3 Kf8 30. a4 Ke7 31. Kf1 h5 32. Ke2 Ke6 33. Nc6 Kd6 34. Na7 Ba5 35. Nb5+ Ke7 36. Ne5 Ke6 37. Nc6 Nd7 38. Nxa5 bxa5 39. Bd5+ Ke5 40. Bxf7 Nb6 41. Kd3 Nxa4 42. Bxg6 Nb2+ 43. Kc3 Nd1+ 44. Kb3 Nxf2 45. h4 Kf4 46. Nc3 Kg3 47. Ne4+ Nxe4 48. Bxe4 Kxh4 49. Bf3 Kg5 50. Ka4 h4 51. Kxa5 Kf4 52. Bh1 Ke5 53. Kb5 Kd4 54. Bg2 Ke3 55. Kxc5 Kf2 56. Bd5 1-0


[Site "https://www.chess.com"]

[Event "Titled Tuesday Blitz February 14 Early 2023"]
[White "Postny, Evgeny"]
[Black "Panesar Vedant"]
[WhiteFideId "2804344"]
[BlackFideId "35033018"]
[WhiteElo "2549"]
[BlackElo "2387"]
[Result "1-0"]
[Round "10"]
[TimeControl "180+2"]
[Date "2023.02.14"]
[WhiteClock "0:00:59"]
[BlackClock "0:00:28"]

1. Nf3 d5 2. c4 e6 3. g3 Nf6 4. Bg2 Be7 5. O-O O-O 6. b3 c5 7. cxd5 Nxd5 8. d4 Nc6 9. Bb2 Bd7 10. e4 Nb6 11. d5 exd5 12. exd5 Nb4 13. d6 Bf6 14. Nc3 Bc6 15. Re1 N4d5 16. Nxd5 Nxd5 17. Ne5 Qxd6 18. Nc4 Qd8 19. Bxf6 Nxf6 20. Bxc6 bxc6 21. Qf3 Nd5 22. Rad1 Re8 23. Ne5 Qc7 24. Nc4 h6 25. h4 Re7 26. Rxe7 Nxe7 27. Qe3 Nf5 28. Qxc5 Nxg3 29. Qe5 Qxe5 30. Nxe5 Nf5 31. Nxc6 Nxh4 32. Rd7 a5 33. a4 Kf8 34. Kf1 Nf3 35. Ke2 Ng5 36. Rd5 Ne6 37. Kd2 h5 38. Rxh5 Rc8 39. Rh8# 1-0


[Site "https://www.chess.com"]

[Event "Titled Tuesday Blitz February 14 Early 2023"]
[White "Harsh Suresh"]
[Black "Kaidanov, Gregory"]
[WhiteFideId "45018464"]
[BlackFideId "2008564"]
[WhiteElo "2298"]
[BlackElo "2559"]
[Result "1-0"]
[Round "10"]
[TimeControl "180+2"]
[Date "2023.02.14"]
[WhiteClock "0:00:06"]
[BlackClock "0:00:19"]

1. e4 e5 2. Nf3 Nc6 3. Bb5 a6 4. Ba4 Nf6 5. O-O Nxe4 6. d4 b5 7. Bb3 d5 8. dxe5 Be6 9. Nbd2 Nc5 10. c3 Be7 11. Bc2 d4 12. cxd4 Nxd4 13. Nxd4 Qxd4 14. Nf3 Qxd1 15. Rxd1 O-O 16. Be3 Rfd8 17. Nd4 Bd7 18. Nf5 Bxf5 19. Bxf5 Ne6 20. Be4 Rab8 21. Ba7 Rxd1+ 22. Rxd1 Rd8 23. Rxd8+ Bxd8 24. Bb7 a5 25. Bc6 b4 26. Kf1 Be7 27. Ke2 Bc5 28. Bxc5 Nxc5 29. Ke3 Kf8 30. Kd4 Ne6+ 31. Kc4 Ke7 32. Bd5 Nf4 33. g3 Ne2 34. Kb5 f6 35. exf6+ gxf6 36. Kxa5 c5 37. Kb6 Kd6 38. Bc4 Nd4 39. a4 bxa3 40. bxa3 Nc6 41. a4 Ne5 42. Ba2 c4 43. f4 Nd7+ 44. Kb5 c3 45. Bb1 Kd5 46. a5 Nc5 47. a6 Nxa6 48. Kxa6 h6 49. Kb5 Kd4 50. Kb4 Ke3 51. Kxc3 Kf2 52. Kd4 Kg2 53. Ke4 Kxh2 54. Kf3 Kh3 55. Bf5+ Kh2 56. Bg4 Kg1 57. f5 Kh2 58. Bh5 Kh3 59. g4 Kh4 60. Ke4 Kg5 61. Kd5 Kf4 62. Ke6 Kg5 63. Kf7 Kh4 64. Kxf6 Kg3 65. Kg6 Kf4 66. f6 Ke5 67. f7 Kf4 68. f8=Q+ Kg3 69. Kxh6 Kh4 70. Qf4 Kh3 71. Kg5 Kg2 72. Qe3 Kh2 73. Kh4 Kg2 74. Qe2+ 1-0


[Site "https://www.chess.com"]

[Event "Titled Tuesday Blitz February 14 Early 2023"]
[White "Kukhmazov, Arsen"]
[Black "Melian, Juan Sebastian"]
[WhiteFideId "24108260"]
[BlackFideId "3706575"]
[WhiteElo "2512"]
[BlackElo "2293"]
[Result "1-0"]
[Round "10"]
[TimeControl "180+2"]
[Date "2023.02.14"]
[WhiteClock "0:01:41"]
[BlackClock "0:00:15"]

1. Nf3 Nf6 2. c4 e6 3. d4 Bb4+ 4. Bd2 a5 5. g3 O-O 6. Bg2 d5 7. O-O dxc4 8. Qc2 Bxd2 9. Nbxd2 b5 10. b3 cxb3 11. Nxb3 Bb7 12. Rac1 a4 13. Nc5 Bd5 14. Rfd1 Nc6 15. Rb1 Rb8 16. e4 Bc4 17. Qc3 Bxa2 18. Ra1 Bc4 19. Ne5 Nxe5 20. dxe5 Qe7 21. Na6 Nd7 22. Nxb8 Rxb8 23. Bf1 Nb6 24. Qa5 Qc5 25. Qa7 Ra8 26. Qxa8+ Nxa8 27. Rd8+ Qf8 28. Rxf8+ Kxf8 29. Bxc4 bxc4 30. Rxa4 Nb6 31. Ra7 Nd7 32. f4 f6 33. Rxc7 Ke8 34. exf6 gxf6 35. Rxc4 Ke7 36. Kf2 Kd6 37. Ke3 1-0


[Site "https://www.chess.com"]

[Event "Titled Tuesday Blitz February 14 Early 2023"]
[White "Jaracz, Pawel"]
[Black "Bochnicka, Vladimir"]
[WhiteFideId "1102222"]
[BlackFideId "14943450"]
[WhiteElo "2467"]
[BlackElo "2327"]
[Result "1-0"]
[Round "10"]
[TimeControl "180+2"]
[Date "2023.02.14"]
[WhiteClock "0:00:29"]
[BlackClock "0:00:12"]

1. d4 Nf6 2. c4 g6 3. h4 h5 4. Nf3 Bg7 5. Ng5 O-O 6. Nc3 d6 7. e4 c5 8. d5 Nbd7 9. Be2 Rb8 10. O-O a6 11. a4 b6 12. Bf4 Nh7 13. Qd2 Ne5 14. Bg3 Nxg5 15. hxg5 f5 16. f4 Ng4 17. Bxg4 hxg4 18. e5 Bd7 19. e6 Be8 20. b3 b5 21. a5 bxc4 22. bxc4 Rb3 23. Rfc1 Qb8 24. Be1 Qb4 25. Qd3 Bd4+ 26. Kf1 Ra3 27. Rxa3 Qxa3 28. Rd1 Ba4 29. Ne2 Qxd3 30. Rxd3 Bg7 31. Ra3 Bc2 32. Bc3 Rb8 33. Bxg7 Kxg7 34. Ke1 Bd3 35. Rxd3 Rb4 36. Rc3 Ra4 37. Rb3 Rxa5 38. Rb7 Kf8 39. Rb8+ Kg7 40. Re8 Ra4 41. Rxe7+ Kf8 42. Rf7+ Ke8 43. Rd7 Rxc4 44. Rxd6 a5 45. Ra6 a4 46. Ra8+ Ke7 47. Ra7+ Kd6 48. Rd7# 1-0


[Site "https://www.chess.com"]

[Event "Titled Tuesday Blitz February 14 Early 2023"]
[White "Cunha, Lucas Aguiar"]
[Black "Kamsky, Gata"]
[WhiteFideId "2125404"]
[BlackFideId "2000024"]
[WhiteElo "2309"]
[BlackElo "2665"]
[Result "0-1"]
[Round "10"]
[TimeControl "180+2"]
[Date "2023.02.14"]
[WhiteClock "0:00:03"]
[BlackClock "0:00:03"]

1. e4 g6 2. d4 Bg7 3. Nc3 d6 4. Be3 a6 5. h3 b5 6. a4 b4 7. Nce2 Bb7 8. Ng3 e6 9. Nf3 Nd7 10. Bd3 c5 11. c3 bxc3 12. bxc3 Ngf6 13. O-O O-O 14. Qd2 Re8 15. Bh6 Bh8 16. Rfe1 Qc7 17. Qf4 e5 18. dxe5 dxe5 19. Qh4 c4 20. Bf1 a5 21. Ng5 Ba6 22. Re3 Nc5 23. Rf3 Rad8 24. Rb1 Nd3 25. Ne2 Rb8 26. Rxb8 Rxb8 27. g4 Rb1 28. Bf8 Kxf8 29. Rxf6 Bxf6 30. Nxh7+ Ke7 31. Nxf6 Ke6 32. Nd5 Qd6 33. Qf6+ Kd7 34. Qxf7+ Kc8 35. Qe8+ Kb7 36. Ne7 Ka7 37. Nc6+ Kb6 38. Ne7 Qc5 39. Nd5+ Ka7 40. Qf7+ Bb7 41. Ng3 Re1 42. Kg2 Kb8 43. Qg8+ Ka7 44. Qf7 Kb8 45. Qg7 Qxf2+ 46. Kh1 Bxd5 47. Qf8+ Qxf8 0-1


[Site "https://www.chess.com"]

[Event "Titled Tuesday Blitz February 14 Early 2023"]
[White "Domingo Nunez, Ruben"]
[Black "Molina, Roberto Junio Brito"]
[WhiteFideId "22245570"]
[BlackFideId "2109450"]
[WhiteElo "2416"]
[BlackElo "2403"]
[Result "0-1"]
[Round "10"]
[TimeControl "180+2"]
[Date "2023.02.14"]
[WhiteClock "0:00:27"]
[BlackClock "0:00:34"]

1. b3 d5 2. Bb2 Bg4 3. Nf3 Nd7 4. g3 Bxf3 5. exf3 e6 6. f4 Ngf6 7. h4 Bd6 8. Bg2 O-O 9. Nc3 Re8 10. O-O c6 11. Ne2 e5 12. fxe5 Bxe5 13. d4 Bd6 14. c4 Qe7 15. Bf3 Ba3 16. Bc3 Ne4 17. Be1 Ndf6 18. c5 a5 19. Nf4 Bb4 20. Nd3 Bxe1 21. Rxe1 Qc7 22. Kg2 Re7 23. Qc2 Rae8 24. Re2 Kf8 25. Rae1 g6 26. Ne5 Rxe5 27. dxe5 Qxe5 28. Qc1 Qd4 29. Qh6+ Kg8 30. h5 Qxc5 31. Qf4 Qd6 32. Qxd6 Nxd6 33. Rxe8+ Nfxe8 34. Re7 Nf6 35. h6 Kf8 36. Rc7 Ke8 0-1


[Site "https://www.chess.com"]

[Event "Titled Tuesday Blitz February 14 Early 2023"]
[White "Yuan, Qingyu"]
[Black "Souleidis, Georgios"]
[WhiteFideId "8609772"]
[BlackFideId "4206827"]
[WhiteElo "2373"]
[BlackElo "2419"]
[Result "0-1"]
[Round "10"]
[TimeControl "180+2"]
[Date "2023.02.14"]
[WhiteClock "0:00:01"]
[BlackClock "0:00:15"]

1. e4 c5 2. Nf3 e6 3. c3 d5 4. exd5 exd5 5. d4 Nf6 6. Bd3 Be7 7. dxc5 Bxc5 8. O-O O-O 9. h3 h6 10. Nbd2 Nc6 11. Nb3 Bb6 12. Bc2 Re8 13. Qd3 Ne4 14. Nbd4 Qf6 15. Be3 Bd7 16. Rad1 Rad8 17. Rfe1 Bc8 18. Ba4 Bd7 19. Bb3 Bc8 20. Qb1 Qg6 21. Kh1 Nxd4 22. Nxd4 Qf6 23. Kg1 Qg6 24. Kh1 Qf6 25. f3 Ng3+ 26. Kg1 Nf5 27. Nxf5 Bxf5 28. Qc1 Rxe3 29. Rxe3 Re8 30. Re1 Qg5 31. Kf2 Rxe3 32. Rxe3 Qh4+ 33. Kf1 Qg3 34. Re8+ Kh7 35. Qe1 Bd3+ 36. Re2 Qh2 37. Qf2 Bxf2 38. Kxf2 Bxe2 39. Bc2+ g6 40. Bb3 Bc4 41. Bc2 Qd6 0-1


[Site "https://www.chess.com"]

[Event "Titled Tuesday Blitz February 14 Early 2023"]
[White "Zemlyanskii, Ivan"]
[Black "Pajeken, Jakob Leon"]
[WhiteFideId "24249971"]
[BlackFideId "12942839"]
[WhiteElo "2300"]
[BlackElo "2417"]
[Result "1-0"]
[Round "10"]
[TimeControl "180+2"]
[Date "2023.02.14"]
[WhiteClock "0:01:15"]
[BlackClock "0:01:59"]

1. d4 d5 2. Bf4 c5 3. e4 Nc6 4. exd5 Qxd5 5. Nc3 Qxd4 6. Nd5 e5 7. Nc7+ Kd8 8. Nxa8 exf4 9. Nf3 Qxd1+ 10. Rxd1+ Bd7 11. Bc4 Nh6 12. O-O Kc8 13. Rfe1 Be7 14. Ne5 Nxe5 15. Rxe5 Nf5 16. Bd3 Bf6 17. Rxc5+ Kb8 18. Bxf5 Bxf5 19. Rxf5 Kxa8 20. Rxf4 Kb8 21. c3 Re8 22. Kf1 1-0


[Site "https://www.chess.com"]

[Event "Titled Tuesday Blitz February 14 Early 2023"]
[White "Sharapov, Evgeny"]
[Black "Bilych, Olexiy"]
[WhiteFideId "14103133"]
[BlackFideId "14156504"]
[WhiteElo "2375"]
[BlackElo "2441"]
[Result "0-1"]
[Round "10"]
[TimeControl "180+2"]
[Date "2023.02.14"]
[WhiteClock "0:01:33"]
[BlackClock "0:02:03"]

1. e4 c5 2. Nf3 Nc6 3. d4 cxd4 4. Nxd4 Nf6 5. Nc3 e6 6. Ndb5 Bb4 7. a3 Bxc3+ 8. Nxc3 d5 9. exd5 exd5 10. Bd3 O-O 11. O-O d4 12. Ne2 Bg4 13. f3 Bh5 14. Nf4 Bg6 15. Nxg6 hxg6 16. Qe1 Re8 17. Qf2 Qb6 18. b4 Nd5 19. Bb2 Ne3 20. Rfe1 Ne5 21. Kh1 Nxd3 22. cxd3 a5 23. bxa5 Rxa5 24. Re2 Rae5 25. Rae1 Nd1 26. Rxd1 Rxe2 27. Bxd4 Qb3 28. Qg1 Qxd1 29. Qxd1 Re1+ 30. Qxe1 Rxe1+ 31. Bg1 Ra1 32. g4 Rxa3 0-1


[Site "https://www.chess.com"]

[Event "Titled Tuesday Blitz February 14 Early 2023"]
[White "Barp, Alberto"]
[Black "Robledo, Cristian"]
[WhiteFideId "872555"]
[BlackFideId "133450"]
[WhiteElo "2432"]
[BlackElo "2270"]
[Result "1-0"]
[Round "10"]
[TimeControl "180+2"]
[Date "2023.02.14"]
[WhiteClock "0:00:36"]
[BlackClock "0:01:06"]

1. d4 d5 2. Bg5 c5 3. e3 Nc6 4. c3 Qb6 5. Qb3 c4 6. Qxb6 axb6 7. Na3 f6 8. Bh4 Bf5 9. f3 e5 10. Nb5 Kf7 11. Nc7 Ra5 12. Nxd5 Rxd5 13. e4 Rxd4 14. cxd4 Nxd4 15. exf5 Nc2+ 16. Kd2 Nxa1 17. Bxc4+ Ke8 18. Ne2 Bb4+ 19. Kd3 Nh6 20. g4 Ke7 21. Rxa1 Rd8+ 22. Kc2 Rd2+ 23. Kb3 Bc5 24. Be1 Rd8 25. Nc3 Nf7 26. Rd1 Bd4 27. Ne4 Ng5 28. Bb4+ Ke8 29. Bb5+ Kf7 30. Bc4+ Ke8 31. Nd6+ Kd7 32. Nb5 Kc6 33. Nxd4+ exd4 34. Bd3 Re8 35. Rc1+ Kd5 36. Bc4+ 1-0


[Site "https://www.chess.com"]

[Event "Titled Tuesday Blitz February 14 Early 2023"]
[White "Ioannidis, Evgenios"]
[Black "Shimelkov, Vasiliy"]
[WhiteFideId "4229274"]
[BlackFideId "13701630"]
[WhiteElo "2467"]
[BlackElo "2159"]
[Result "1-0"]
[Round "10"]
[TimeControl "180+2"]
[Date "2023.02.14"]
[WhiteClock "0:00:05"]
[BlackClock "0:00:06"]

1. d4 d5 2. c4 c6 3. Nc3 Nf6 4. cxd5 cxd5 5. Bf4 Nc6 6. e3 e6 7. Bd3 Bd6 8. Bxd6 Qxd6 9. f4 O-O 10. Nf3 a6 11. O-O b5 12. Ne5 Bb7 13. Qf3 Ne7 14. g4 b4 15. g5 Ne8 16. Ne2 f5 17. gxf6 Nxf6 18. Ng3 Rac8 19. Rf2 g6 20. h4 Nf5 21. Nxf5 exf5 22. Rg2 Kh8 23. Kh2 Bc6 24. Rag1 Be8 25. Rg5 Nd7 26. h5 Nxe5 27. fxe5 Qe7 28. hxg6 hxg6 29. Qh3+ Qh7 30. R1g3 Rc6 31. Qxh7+ Kxh7 32. Rh3+ Kg7 33. Kg3 Rh8 34. Rxh8 Kxh8 35. Kf4 Kg7 36. Bxf5 Rc1 37. Bd3 Ra1 38. Bxa6 Rxa2 39. Bb7 Rxb2 40. Bxd5 Rf2+ 41. Kg3 Re2 42. Kf3 Rd2 43. Rg1 b3 44. Bxb3 Bc6+ 45. Kg3 Rd3 46. Bc2 Rxe3+ 47. Kf2 Rc3 48. Rxg6+ Kf7 49. Bf5 Bd5 50. Rf6+ Ke7 51. Rd6 Rf3+ 52. Ke2 Rxf5 53. Rxd5 Rf4 54. Ke3 Rh4 55. Ra5 Ke6 56. Ra6+ Ke7 57. Kd3 Rh1 58. Ke4 Rb1 59. Rc6 Rb5 60. Rc5 Rb1 61. Kd5 Ra1 62. Rc7+ Kd8 63. Rh7 Ra5+ 64. Ke6 Ra6+ 65. Kf5 Ra1 66. d5 Ra6 67. d6 1-0


[Site "https://www.chess.com"]

[Event "Titled Tuesday Blitz February 14 Early 2023"]
[White "Erdogdu, Mert"]
[Black "Bodnaruk, Anastasia"]
[WhiteFideId "6301495"]
[BlackFideId "4181751"]
[WhiteElo "2413"]
[BlackElo "2350"]
[Result "1-0"]
[Round "10"]
[TimeControl "180+2"]
[Date "2023.02.14"]
[WhiteClock "0:01:21"]
[BlackClock "0:00:06"]

1. e4 c5 2. Nf3 d6 3. d4 cxd4 4. Nxd4 Nf6 5. Nc3 a6 6. Be3 e5 7. Nb3 Be7 8. f3 Be6 9. Qd2 Nbd7 10. O-O-O O-O 11. g4 b5 12. g5 Nh5 13. Kb1 Nb6 14. Nd5 Bxd5 15. exd5 Qc7 16. Na5 Nxd5 17. Qxd5 Qxa5 18. Rg1 g6 19. c4 Rab8 20. Rg4 Rfc8 21. cxb5 axb5 22. Bc4 Kh8 23. Bb3 Rf8 24. Ra4 Qd8 25. Ra6 Ng7 26. h4 Ne6 27. Ra7 Ra8 28. Qxb5 Rxa7 29. Bxa7 Qa8 30. Qd7 Bd8 31. Bd5 Nc5 32. Bxc5 Qa5 33. Bxd6 1-0


[Site "https://www.chess.com"]

[Event "Titled Tuesday Blitz February 14 Early 2023"]
[White "Pinheiro, Iung Alicio de O."]
[Black "Dragnev, Valentin"]
[WhiteFideId "2104350"]
[BlackFideId "1634852"]
[WhiteElo "2306"]
[BlackElo "2593"]
[Result "0-1"]
[Round "10"]
[TimeControl "180+2"]
[Date "2023.02.14"]
[WhiteClock "0:00:10"]
[BlackClock "0:00:17"]

1. e4 c6 2. Nc3 d5 3. Nf3 Nf6 4. Qe2 dxe4 5. Nxe4 Nxe4 6. Qxe4 Nd7 7. Bc4 Nf6 8. Ne5 e6 9. Qe2 b5 10. Bb3 Qc7 11. d4 Bd6 12. Bf4 a5 13. a4 bxa4 14. Rxa4 Ba6 15. Bc4 Bxc4 16. Rxc4 Nd5 17. Bg3 Qb7 18. c3 O-O 19. Ra4 Qb3 20. Ra1 Nxc3 21. Qc4 Qxb2 22. O-O Ne2+ 23. Kh1 Nxg3+ 24. hxg3 Bxe5 25. dxe5 Qxe5 26. Qxc6 Rfc8 27. Qa4 h6 28. Kg1 Qc3 29. Ra3 Qc4 30. Qd7 Rc7 31. Qd2 a4 32. Rfa1 Rca7 33. Qe3 Qb4 34. Qf3 g6 35. Qe3 h5 36. Qf3 h4 37. gxh4 Qxh4 38. g3 Qd4 39. Qc6 Kg7 40. Kg2 Qd5+ 41. Qxd5 exd5 42. Kf3 Kf6 43. Ke3 Ke5 44. Kd3 Kd6 45. Kd4 Ra6 46. f3 R8a7 47. R1a2 Ra8 48. Ra1 Ra5 49. R1a2 Ke6 50. Ra1 Kf5 51. Re1 f6 52. Rea1 g5 53. R1a2 g4 54. f4 Re8 55. Kd3 Re4 56. Ra1 Rb4 57. Kc3 Rab5 58. Rxa4 Rb3+ 59. Kd4 Rxg3 60. Ra5 Rxa5 61. Rxa5 Kxf4 62. Rxd5 f5 63. Rd8 Rg1 64. Ra8 Rd1+ 65. Kc3 g3 66. Ra4+ Kf3 67. Ra8 g2 0-1


[Site "https://www.chess.com"]

[Event "Titled Tuesday Blitz February 14 Early 2023"]
[White "Cherniaiev, Tykhon"]
[Black "Mamedov, Edgar"]
[WhiteFideId "14182360"]
[BlackFideId "13739980"]
[WhiteElo "2330"]
[BlackElo "2193"]
[Result "1/2-1/2"]
[Round "10"]
[TimeControl "180+2"]
[Date "2023.02.14"]
[WhiteClock "0:00:22"]
[BlackClock "0:00:48"]

1. Nf3 d5 2. d4 Nf6 3. c4 c6 4. e3 e6 5. Nbd2 Nbd7 6. Bd3 Bd6 7. O-O O-O 8. e4 e5 9. cxd5 cxd5 10. exd5 exd4 11. Nc4 Bb8 12. Bg5 h6 13. Bh4 Nb6 14. Nxb6 Qxb6 15. Nxd4 Nxd5 16. Nf5 Bxf5 17. Bxf5 Nf6 18. Qf3 g5 19. Bg3 Bxg3 20. hxg3 Rad8 21. b3 Rd2 22. Rfe1 Kg7 23. Re7 Nd5 24. Rd7 Rd8 25. Rxd8 Qxd8 26. Rd1 Rxd1+ 27. Qxd1 Qa5 28. a4 Nf6 29. Qf3 Qe5 30. g4 Qa1+ 31. Kh2 Qe5+ 32. g3 b5 33. axb5 Qxb5 34. Qc3 Qb6 35. Kg1 a5 36. Kg2 Qb7+ 37. Kg1 Qb6 38. Kg2 Qb7+ 39. Kg1 Qb6 1/2-1/2


[Site "https://www.chess.com"]

[Event "Titled Tuesday Blitz February 14 Early 2023"]
[White "Yurasova, Daria"]
[Black "Taspinar, Yanki"]
[WhiteFideId "34146919"]
[BlackFideId "34561188"]
[WhiteElo "2095"]
[BlackElo "2262"]
[Result "1-0"]
[Round "10"]
[TimeControl "180+2"]
[Date "2023.02.14"]
[WhiteClock "0:00:16"]
[BlackClock "0:00:14"]

1. d4 Nf6 2. Bg5 Ne4 3. Bf4 d5 4. e3 g6 5. Nd2 Nxd2 6. Qxd2 Bg7 7. Bd3 O-O 8. h4 h5 9. c3 c5 10. Nf3 Nc6 11. O-O Bg4 12. Be2 Rc8 13. dxc5 e5 14. Bg3 Qe7 15. Qxd5 Rfd8 16. Qe4 Bf5 17. Qc4 Be6 18. Qb5 a6 19. Qa4 Bg4 20. Qc2 Qxc5 21. Rfd1 Bf5 22. e4 Bg4 23. Rxd8+ Rxd8 24. Rd1 Rc8 25. Rd5 Qe7 26. Qd1 Be6 27. Rd2 b5 28. a4 Rb8 29. Ng5 Bc8 30. axb5 axb5 31. Rd5 f6 32. Bxb5 Rxb5 33. Rxb5 fxg5 34. Qd5+ Kh7 35. Qxc6 gxh4 36. Bxh4 Qxh4 37. Qxc8 Qxe4 38. Qc5 Qb1+ 39. Kh2 Qf5 40. Qe3 h4 41. Rb7 Kg8 42. Qf3 Qxf3 43. gxf3 Bh6 44. Rb6 Bf4+ 45. Kh3 g5 46. b4 Kf7 47. Rc6 Ke7 48. Kg4 Kd7 49. Rh6 Bd2 50. c4 Bxb4 51. Rh7+ Ke6 52. Kxg5 Be1 53. Rxh4 Bxf2 54. Rh6+ Kd7 55. Kf5 Bd4 56. Re6 Kc7 57. Rxe5 Bc3 58. Re4 Kd6 59. Kg4 Bg7 60. f4 Bf8 61. f5 Bg7 62. Kg5 Bf8 63. Kg6 Bg7 64. Kxg7 Kd7 65. f6 Kd6 66. f7 Kd7 67. c5 Kc7 68. f8=Q Kd7 69. Qd6+ Kc8 70. Re8+ Kb7 71. Re7+ Kc8 72. Qd7+ Kb8 73. Qb7# 1-0


[Site "https://www.chess.com"]

[Event "Titled Tuesday Blitz February 14 Early 2023"]
[White "Fiorito, Francisco"]
[Black "Csonka, Balazs"]
[WhiteFideId "180165"]
[BlackFideId "742910"]
[WhiteElo "2305"]
[BlackElo "2496"]
[Result "0-1"]
[Round "10"]
[TimeControl "180+2"]
[Date "2023.02.14"]
[WhiteClock "0:01:14"]
[BlackClock "0:00:18"]

1. d4 Nf6 2. Nc3 e6 3. Bf4 Bb4 4. Qd3 d5 5. a3 Bd6 6. Bxd6 cxd6 7. Nf3 b6 8. e4 Ba6 9. Qe3 Bxf1 10. Rxf1 dxe4 11. Nxe4 O-O 12. O-O-O Nxe4 13. Qxe4 d5 14. Qd3 Nc6 15. Kb1 Rb8 16. h4 b5 17. Ng5 g6 18. f4 b4 19. h5 bxa3 20. Qxa3 Qa5 21. Qxa5 Nxa5 22. hxg6 hxg6 23. b3 Kg7 24. Rf3 Rh8 25. Nh3 Nc4 26. Kc1 Nd6 27. g4 a5 28. Nf2 Rb4 29. Rh3 Rxh3 30. Nxh3 Nb5 31. Nf2 Rxd4 32. Nd3 g5 33. Rf1 gxf4 34. Nxf4 a4 35. bxa4 Rxa4 36. Nh5+ Kf8 37. Nf6 Ra1+ 0-1


[Site "https://www.chess.com"]

[Event "Titled Tuesday Blitz February 14 Early 2023"]
[White "Manukian, Artak"]
[Black "Belozerov, Andrei"]
[WhiteFideId "13301373"]
[BlackFideId "4120213"]
[WhiteElo "2196"]
[BlackElo "2461"]
[Result "0-1"]
[Round "10"]
[TimeControl "180+2"]
[Date "2023.02.14"]
[WhiteClock "0:00:15"]
[BlackClock "0:00:21"]

1. e4 c5 2. Nf3 Nc6 3. c3 Nf6 4. e5 Nd5 5. d4 cxd4 6. cxd4 d6 7. Nc3 dxe5 8. dxe5 Be6 9. Bb5 Nxc3 10. Qxd8+ Rxd8 11. bxc3 Bd5 12. O-O e6 13. Nd4 Bc5 14. Be3 Bxd4 15. Bxd4 a6 16. Bxc6+ Bxc6 17. a4 Rg8 18. Rfd1 f5 19. Bb6 Rc8 20. c4 g5 21. a5 Kf7 22. Rd6 h5 23. Rad1 h4 24. Rd8 Rcxd8 25. Rxd8 Rg7 26. Bc5 Kg6 27. Bf8 Rf7 28. Bd6 f4 29. f3 h3 30. Kf2 hxg2 31. Kxg2 g4 32. Rg8+ Rg7 33. Rxg7+ Kxg7 34. h3 gxh3+ 35. Kxh3 Bxf3 36. Kh2 Kg6 37. Kg1 Kf5 38. Kf2 Ke4 39. Bc7 Bg4 40. Bd6 Bd1 41. Bc7 Ba4 42. Bd6 Bc6 43. Bc7 Kd4 44. Bd6 Kxc4 45. Bc7 Kb5 46. Bb6 Bd5 47. Ke2 Kc4 48. Kf2 Kd3 49. Bc7 b5 50. axb6 Bb7 51. Bd8 a5 52. Bg5 Ke4 0-1


[Site "https://www.chess.com"]

[Event "Titled Tuesday Blitz February 14 Early 2023"]
[White "Kejna, Piotr"]
[Black "Tan, Jun Ying"]
[WhiteFideId "21821704"]
[BlackFideId "5710413"]
[WhiteElo "2027"]
[BlackElo "2307"]
[Result "1-0"]
[Round "10"]
[TimeControl "180+2"]
[Date "2023.02.14"]
[WhiteClock "0:00:10"]
[BlackClock "0:00:15"]

1. e4 c5 2. b3 g6 3. Bb2 Nf6 4. Nc3 d6 5. Nd5 Nbd7 6. Bb5 Bg7 7. Nxf6+ exf6 8. Ne2 O-O 9. Bxd7 Bxd7 10. O-O f5 11. Bxg7 Kxg7 12. d3 Qf6 13. Qd2 Bc6 14. f3 Rad8 15. c4 b6 16. a4 a5 17. Rad1 Rfe8 18. Qc3 Qxc3 19. Nxc3 Kf6 20. Rd2 Ke5 21. Kf2 Kf6 22. Rfd1 Re6 23. Ne2 Bb7 24. Ng3 fxe4 25. dxe4 Ke7 26. Ne2 Re5 27. Nc3 f5 28. exf5 gxf5 29. Nb5 d5 30. f4 Re4 31. cxd5 Rxf4+ 32. Kg1 Kd7 33. Re1 Re4 34. Rxe4 fxe4 35. Kf2 Re8 36. Ke3 Re5 37. Nc3 Kd8 38. g4 h6 39. h4 Bc8 40. Nxe4 Bxg4 41. Kf4 Re8 42. Nd6 Rg8 43. Nf7+ Ke7 44. Nxh6 Rh8 45. Nxg4 Rxh4 46. d6+ Kd7 47. Kg5 Rh3 48. Ne5+ Ke6 49. d7 Rg3+ 50. Kf4 Rg8 51. d8=Q Rxd8 52. Rxd8 Ke7 53. Rb8 Kd6 54. Rxb6+ Kd5 55. Nc4 Kd4 56. Rb5 Kc3 57. Rxa5 Kxb3 58. Rxc5 Kxa4 59. Rc8 Kb4 60. Nd6 Kb3 61. Ke4 Kb4 62. Kd4 Ka5 63. Ne4 Ka4 64. Kc4 Ka3 65. Kc3 Ka2 66. Kc2 Ka3 67. Rc4 Ka2 68. Ra4# 1-0


[Site "https://www.chess.com"]